 Dungeon Crawl Stone Soup version 0.29-a0-1023-g6ae1a4a2c7 (webtiles) character file.

Game seed: 10803042662572325789

42 wilfster70 the Poker (level 3, -4/28 HPs)
             Began as a Merfolk Gladiator on Aug 11, 2022.
             Killed from afar by Terence (8 damage)
             ... with a puff of flame
             ... on level 2 of the Dungeon.
             The game lasted 00:03:47 (1169 turns).

wilfster70 the Poker (Merfolk Gladiator)            Turns: 1169, Time: 00:03:48

Health: -4/28      AC:  4    Str: 14    XL:     3   Next: 56%
Magic:  3/3        EV: 13    Int:  9    God:
Gold:   61         SH:  0    Dex: 15    Spells: 2/2 levels left

rFire   . . .      SeeInvis .   a - +0 trident
rCold   . . .      Faith    .   (no shield)
rNeg    . . .      Spirit   .   m - +0 leather armour
rPois   .          Reflect  .   c - +0 helmet
rElec   .          Harm     .   (no cloak)
rCorr   .          Rampage  .   (no gloves)
Will    .....                   (no boots)
Stlth   +.........              (no amulet)
HPRegen 0.09/turn               (no ring)
MPRegen 0.08/turn               (no ring)

@: invisible
A: (nimble swimmer 2), mertail
a: no special abilities


You were on level 2 of the Dungeon.
You visited 1 branch of the dungeon, and saw 2 of its levels.

You collected 61 gold pieces.

Inventory:

Hand Weapons
 a - a +0 trident (weapon)
 b - a +0 sling
Missiles
 d - 3 throwing nets (quivered)
 e - a javelin
 f - 15 stones
 h - 5 poisoned darts
Armour
 c - a +0 helmet (worn)
 m - a +0 leather armour (worn)
Jewellery
 l - a ring of protection from fire
Scrolls
 j - a scroll of fog
Potions
 i - a potion of resistance {unknown}
 k - a potion of berserk rage {unknown}
 n - a potion of curing {unknown}


   Skills:
 + Level 2.9 Fighting
 * Level 5.4 Polearms
 - Level 2.0 Throwing
 - Level 4.0 Dodging


You had 2 spell levels left.
You didn't know any spells.
Your spell library contained the following spells:

 Spells                   Type           Power      Damage    Failure   Level
 Sublimation of Blood     Necr           0%         N/A       61%         2
 Petrify                  Tmut/Erth      0%         N/A       99%         4
 Irradiate                Conj/Tmut      0%         3d11      100%        5


Dungeon Overview and Level Annotations

Branches:
Dungeon (2/15)

Altars:

Annotations:
D:2 Terence


Innate Abilities, Weirdness & Mutations

((You are very nimble when in or above water. (Stealth+, EV+, Speed+++)))
Your lower body shifts to a powerful aquatic tail in water.


Message History

A worm comes into view.
Found 6 gold pieces.
You reach to attack!
You hit the worm.
The worm is moderately wounded.
You hit the worm.
The worm is heavily wounded.
You hit the worm.
The worm is severely wounded.
The worm closely misses you.
You hit the worm.
The worm is almost dead.
You puncture the worm!
You kill the worm!
You now have 61 gold pieces (gained 6).
Terence and a quokka come into view.
Terence is wielding a +0 trident and carrying a wand of flame (5).
Terence shouts!
Terence zaps a wand.
The puff of flame hits you!
You reach to attack!
You miss the quokka. You hit the quokka.
The quokka is almost dead.
The quokka misses you.
You hit the quokka.
You kill the quokka!
You reach to attack!
You hit Terence but do no damage.
Terence zaps a wand.
The puff of flame misses you.
You reach to attack!
You barely miss Terence.
Terence zaps a wand.
The puff of flame hits you!
You are too injured to fight recklessly!
You are too injured to fight recklessly!
Reach: a) +0 trident
Press: ? - help, Dir - move target, f/p - Terence
Aim: Terence, wielding a +0 trident, wearing a +0 chain mail and carrying a wand of flame (2) (about 32% to evade your +0 trident)
You reach to attack!
You hit Terence but do no damage.
Terence hits you from afar with a +0 trident.
* * * LOW HITPOINT WARNING * * *
You fade into invisibility!
Terence closely misses you.
Terence zaps a wand.
The puff of flame hits you!
You die...

##.# .# #... .. ... .#
..##r### ....... #.#..#
##.#..# #+###### #
#@....# #.@..@.#
#.#..##.# ######.####.#
#.#r.##.#.
#...........#
#.........
.###...##..#####.######
#.....#........#
##...###.####### ##.##
#.# #.####.# #......#


You could see Terence (unable to see you).

Vanquished Creatures
  A worm (D:2)
  5 ball pythons (D:1)
  2 bats (D:1)
  4 endoplasms
  4 giant cockroaches (D:1)
  6 hobgoblins (D:1)
  4 quokkas
  2 frilled lizards (D:1)
  4 kobolds
  2 rats (D:1)
34 creatures vanquished.

Notes
Turn   | Place    | Note
-------+----------+-------------------------------------------
     0 | D:1      | wilfster70 the Merfolk Gladiator began the quest for the
                  | Orb.
     0 | D:1      | Reached XP level 1. HP: 16/16 MP: 1/1
   126 | D:1      | Reached XP level 2. HP: 20/23 MP: 2/2
   273 | D:1      | Found a faded altar of an unknown god.
   630 | D:1      | Reached skill level 5 in Polearms
   683 | D:1      | Reached XP level 3. HP: 28/28 MP: 3/3
  1146 | D:2      | Noticed Terence
  1169 | D:2      | Killed from afar by Terence

Illustrated notes

Levels and vault maps discovered:
D:1:      sevenhm_arrival_forest_fort_large_2, layout_loops_ring,
          hellmonk_ecumenical_altar_blasted, minmay_misc_feat_cross,
          nrook_mini_backslash
D:2:      layout_loops_corners, basic_altar, uniq_natasha, uniq_terence,
          uniq_robin

Skill      XL: |  1  2 |
---------------+-------+-----
Polearms       | 5 |  5.4
Fighting       | |  2.9
Throwing       | |  2.0
Dodging        | |  4.0

Action                   || total
-------------------------++-------
Melee: Trident           ||    77
 Fire: Sling             ||    34
  Use: Scroll            ||     4
       Potion            ||     1
 Stab: Sleeping          ||     1
Armor: Leather armour    ||    19
Dodge: Dodged            ||    74

Table legend: (Time is in decaauts)
 A = Elapsed time spent in this place.
 B = Non-inter-level travel time spent in this place.
 C = Inter-level travel time spent in this place.
 D = Time resting spent in this place.
 E = Time spent auto-exploring this place.
 F = Levels seen in this place.
 G = Mean time per level.
                   A        B        C        D        E       F      G
               +--------+--------+--------+--------+--------+-----+--------+
         Total |   1184 |   1142 |     42 |    116 |    508 |   2 |  592.0 |
       Dungeon |   1184 |   1142 |     42 |    116 |    508 |   2 |  592.0 |
               +--------+--------+--------+--------+--------+-----+--------+

Top non-repeatable levels by time:
     D:1: 1029 daAuts
     D:2: 155 daAuts
